 Dungeon Crawl Stone Soup version 0.22-a0-800-g058c00f (webtiles) character file.

1875 royokou the Destroyer (level 8, 0/61 HPs)
             Began as a Pale Draconian Conjurer on July 21, 2018.
             Was a Believer of Vehumet.
             Succumbed to a hornet's poison
             ... on level 7 of the Dungeon.
             The game lasted 00:27:27 (7792 turns).

royokou the Destroyer (Pale Draconian Conjurer)     Turns: 7792, Time: 00:27:27

Health: 0/61       AC:  9    Str: 16    XL:     8   Next: 91%
Magic:  17/31      EV: 12    Int: 17    God:    Vehumet [**....]
Gold:   336        SH:  0    Dex: 11    Spells: 0/18 levels left

rFire    . . .     SeeInvis .   E - staff of power
rCold    . . .     Gourm    .   (no shield)
rNeg     . . .     Faith    .   (armour unavailable)
rPois    .         Spirit   .   (helmet restricted)
rElec    .         Reflect  .   j - +0 cloak
rCorr    .         Harm     .   r - +0 pair of gloves
MR       .....                  c - +0 pair of boots
Stlth    ++........             (no amulet)
HPRegen  0.20/turn              p - +4 ring of strength
MPRegen  0.22/turn              s - ring of wizardry

@: lethally poisoned (0 -> -23), slowed, very slow
A: breathe steam, unfitting armour, cold-blooded, AC +6
a: Breathe Steam, Renounce Religion


You were on level 7 of the Dungeon.
You worshipped Vehumet.
Vehumet was pleased with you.
You were hungry.

You visited 1 branch of the dungeon, and saw 7 of its levels.

You collected 336 gold pieces.

Inventory:

Hand Weapons
 v - a +0 scimitar
Armour
 c - a +0 pair of boots (worn)
 j - a +0 cloak (worn)
 r - a +0 pair of gloves (worn)
 u - a +0 shield
Magical Staves
 E - an uncursed staff of power (weapon)
Jewellery
 f - an uncursed ring of flight
 h - an uncursed ring of fire
 p - a +4 ring of strength (left hand)
 s - a ring of wizardry (right hand)
Scrolls
 a - 5 scrolls of blinking {unknown}
 d - a scroll of magic mapping {unknown}
 l - 10 scrolls of identify {unknown}
 o - a scroll of enchant armour {unknown}
 q - a scroll of fear {unknown}
 t - 2 scrolls of fog {unknown}
 x - 2 scrolls of enchant weapon {unknown}
 y - 3 scrolls of remove curse {unknown}
 B - 3 scrolls of teleportation {unknown}
 C - a scroll of noise {unknown}
 D - a scroll of immolation {unknown}
Potions
 e - a potion of might {unknown}
 g - 2 potions of heal wounds {unknown}
 i - a potion of flight {unknown}
 k - 2 potions of resistance {unknown}
 m - 4 potions of agility {unknown}
 n - 2 potions of haste {unknown}
 w - 3 potions of curing {unknown}
 z - a potion of brilliance {unknown}
 A - a potion of magic {unknown}
Comestibles
 b - 10 rations
 F - 3 chunks of flesh


   Skills:
 + Level 2.1 Fighting
 + Level 2.7 Dodging
 - Level 1.7 Stealth
 + Level 1.8 Shields
 + Level 5.9 Spellcasting
 + Level 8.4 Conjurations
 - Level 4.0 Hexes
 + Level 2.0 Translocations


You couldn't memorise any spells.
You knew the following spells:

 Your Spells              Type           Power        Failure   Level  Hunger
a - Magic Dart            Conj           ####         1%          1    None
b - Searing Ray           Conj           ####..       1%          2    None
c - Dazzling Spray        Conj/Hex       ####..       1%          3    ##.....
d - Iskenderun's Mystic   Conj           ####....     1%          4    ####...
e - Fulminant Prism       Conj/Hex       ####......   4%          4    ####...
f - Force Lance           Conj/Tloc      ###.....     6%          4    ####...

Your spell library contained the following spells:

 Spells                   Type           Power        Failure   Level  Hunger


Dungeon Overview and Level Annotations

Branches:
Dungeon (7/15)
 Temple: D:4-7

Altars:
Ashenzari
Cheibriados
Elyvilon
Okawaru
Sif Muna
Trog
Uskayaw
Vehumet


Innate Abilities, Weirdness & Mutations

You can breathe blasts of scalding, opaque steam.
Your pale cyan-grey scales are hard. (AC +6)
You cannot fit into any form of body armour.
You are cold-blooded and may be slowed by cold attacks.


Message History

You feel as though you will be slow longer.
The searing ray hits the hornet.
The hornet is almost dead.
* * * LOW HITPOINT WARNING * * *
You feel very sick. The hornet misses you. The hornet stings you!
* * * LOW HITPOINT WARNING * * *
You feel as though you will be slow longer.
Casting: Searing Ray (safe; 1% risk of failure)
Confirm with . or Enter, or press ? or * to list all spells.
Aiming: Iskenderun's Mystic Blast (safe; 1% risk of failure)
Press: ? - help, Shift-Dir - straight line, f/p - hornet
Aim: a hornet (almost dead)
The orb of energy hits the hornet.
You kill the hornet!
Vehumet accepts your kill.
Your Fighting skill increases to level 2!
Your Translocations skill increases to level 2!
You are feeling hungry.
You die...

#.#
#≈≈≈≈♣PP♣#....
#.# ##♣♣♣♣♣≈#
... #.# #.#
#.# #.# #.#
#.# #@# #†#
#.# #.# #.#
#.# #.# #.#


There were no monsters in sight!

Vanquished Creatures
  Grinder (D:6)
  A hornet (D:7)
  A sky beast (D:5)
  2 ogres
  3 phantoms
  A wyvern skeleton (D:6)
  2 electric eels (D:7)
  5 crimson imps
  3 hounds
  Crazy Yiuf (D:6)
  2 orc priests
  4 orc wizards
  6 worker ants
  A killer bee zombie (D:5)
  A hound zombie (D:5)
  9 adders
  2 shadow imps
  An ooze (D:2)
  2 worms
  4 dart slugs
  6 leopard geckos
  16 orcs
  A giant cockroach (D:1)
  5 goblins
  5 hobgoblins
  5 jackals
  5 quokkas
  3 ball pythons
  6 bats
  5 frilled lizards
  10 kobolds
  A leopard gecko zombie (D:5)
  A rat (D:3)
121 creatures vanquished.

Notes
Turn   | Place    | Note
-------+----------+-------------------------------------------
     0 | D:1      | royokou the Draconian Conjurer began the quest for the Orb.
     0 | D:1      | Reached XP level 1. HP: 14/14 MP: 3/3
   447 | D:1      | Reached XP level 2. HP: 12/20 MP: 0/5
   451 | D:1      | Learned a level 2 spell: Searing Ray
  1128 | D:2      | Found a radiant altar of Vehumet.
  1135 | D:2      | Became a worshipper of Vehumet
  1200 | D:2      | Reached XP level 3. HP: 24/26 MP: 0/6
  1768 | D:2      | Reached skill level 5 in Conjurations
  2290 | D:2      | Reached XP level 4. HP: 20/33 MP: 1/8
  2552 | D:3      | Reached * piety under Vehumet
  2552 | D:3      | Offered knowledge of Shock by Vehumet.
  2614 | D:3      | Reached XP level 5. HP: 38/38 MP: 4/9
  2755 | D:3      | Learned a level 3 spell: Dazzling Spray
  2760 | D:3      | Learned a level 4 spell: Iskenderun's Mystic Blast
  3109 | D:3      | Reached skill level 6 in Conjurations
  3583 | D:4      | Noticed a phantom
  3586 | D:4      | Noticed a phantom
  3615 | D:4      | Killed a phantom
  3615 | D:4      | Reached XP level 6. HP: 29/45 MP: 0/11
  3951 | D:4      | Found an iron altar of Okawaru.
  4119 | D:4      | Reached skill level 7 in Conjurations
  4161 | D:4      | Reached skill level 1 in Hexes
  4608 | D:5      | Entered Level 5 of the Dungeon
  4655 | D:5      | Your scales start taking on a pale cyan-grey colour.
  4655 | D:5      | Reached XP level 7. HP: 31/50 MP: 9/13
  4903 | D:5      | Found an iron altar of Okawaru.
  4917 | D:5      | Reached ** piety under Vehumet
  5086 | D:5      | Learned a level 4 spell: Fulminant Prism
  5342 | D:5      | Offered knowledge of Sandblast by Vehumet.
  5578 | D:5      | Found a deep blue altar of Sif Muna.
  5616 | D:5      | Reached skill level 5 in Spellcasting
  5763 | D:6      | Reached XP level 8. HP: 56/57 MP: 4/15
  5835 | D:6      | Found a white marble altar of Elyvilon.
  5836 | D:6      | Found a hide-covered altar of Uskayaw.
  5972 | D:6      | Noticed Grinder
  5981 | D:6      | Killed Grinder
  5981 | D:6      | Reached skill level 8 in Conjurations
  6093 | D:6      | Learned a level 4 spell: Force Lance
  6542 | D:6      | Found a shattered altar of Ashenzari.
  6628 | D:6      | Found a runed door.
  6930 | D:6      | Found a bloodstained altar of Trog.
  7163 | D:6      | Found a snail-covered altar of Cheibriados.
  7194 | D:6      | Noticed Crazy Yiuf
  7198 | D:6      | Killed Crazy Yiuf
  7198 | D:6      | Reached skill level 1 in Fighting
  7292 | D:7      | Reached skill level 1 in Translocations
  7327 | D:6      | Reached skill level 1 in Shields
  7780 | D:7      | Noticed a hornet
  7788 | D:7      | Paralysed by a hornet for 2 turns
  7792 | D:7      | Killed a hornet
  7792 | D:7      | Succumbed to a hornet's poison

Vault maps used:
D:1:      dpeg_arrival_rhombi
D:2:      minmay_diamond_boxcup, nicolae_overflow_crystal_walls
D:4:      okawaru_ov_weapons_minmay
D:5:      overflow_temple_1_default, basic_altar, first_ration
D:6:      grunt_temple_overflow_open, lemuel_coloured_pillars_altar,
          basic_altar, uniq_crazy_yiuf_cottage, uniq_grinder
D:7:      minmay_klotski, kennysheep_mini, temple_fountains,
          serial_bayou_ford_a, uniq_prince_ribbit1

Skill      XL: |  1  2  3  4  5  6  7  8 |
---------------+-------------------------+-----
Conjurations   | 5 6 7 8 |  8.4
Spellcasting   | 3 4 5 |  5.9
Hexes          | 1 3 4 |  4.0
Dodging        | 2 |  2.7
Fighting       | 2 |  2.1
Translocations | 2 |  2.0
Shields        | 1 |  1.8
Stealth        | |  1.7

Action                   |  1- 3 |  4- 6 |  7- 9 || total
-------------------------+-------+-------+-------++-------
Melee: Short sword       |    39 |    21 |       ||    60
       Tailslap          |     1 |    11 |    15 ||    27
       Scimitar          |       |    64 |    49 ||   113
       Staff             |       |       |    38 ||    38
 Cast: Magic Dart        |    50 |    43 |    59 ||   152
       Searing Ray       |     2 |    16 |    24 ||    42
       Dazzling Spray    |       |     1 |     2 ||     3
       Iskenderun's Myst |       |       |     3 ||     3
 Stab: Sleeping          |     4 |     1 |       ||     5
  Eat: Chunk             |     5 |     7 |     8 ||    20
       Ration            |       |       |     1 ||     1
Armor: Skin              |    19 |    43 |    61 ||   123
Dodge: Dodged            |    57 |   105 |    83 ||   245
       Rpst.: Scimitar   |       |    20 |    14 ||    34

Table legend:
 A = Spawn XP
 B = Non-spawn XP
 C = Spawn XP percentage of total XP
 D = Spawn monster count
 E = Non-spawn monster count
 F = Spawn count percentage of total count
 G = Total turns spent on level
                    A         B        C        D         E        F      G
               +---------+---------+-------+---------+---------+-------+---------
         Total |       0 |    2679 |   0.0 |       0 |     121 |   0.0 |  7792
               +---------+---------+-------+---------+---------+-------+---------
           D:1 |       0 |      26 |   0.0 |       0 |      16 |   0.0 |  1099
           D:2 |       0 |     115 |   0.0 |       0 |      24 |   0.0 |  1468
           D:3 |       0 |     130 |   0.0 |       0 |      18 |   0.0 |   747
           D:4 |       0 |     387 |   0.0 |       0 |      17 |   0.0 |  1294
           D:5 |       0 |     654 |   0.0 |       0 |      18 |   0.0 |  1127
           D:6 |       0 |     893 |   0.0 |       0 |      20 |   0.0 |  1768
           D:7 |       0 |     474 |   0.0 |       0 |       8 |   0.0 |   289
               +---------+---------+-------+---------+---------+-------+---------
